 Dungeon Crawl Stone Soup version 0.30-a0-939-gc8157cb160 (webtiles) character file.

Game seed: 3259673389912525943

208 gohu the Chopper (level 5, -9/48 HPs)
             Began as a Hill Orc Fighter on Mar 25, 2023.
             Mangled by Crazy Yiuf
             ... wielding a +4 quarterstaff of chaos
              (12 damage)
             ... on level 3 of the Dungeon.
             The game lasted 00:04:10 (2791 turns).

gohu the Chopper (Hill Orc Fighter)                 Turns: 2791, Time: 00:04:11

Health: -9/48      AC: 15    Str: 21    XL:     5   Next: 86%
Magic:  5/5        EV:  5    Int:  8    God:
Gold:   69         SH:  4    Dex: 10    Spells: 4/4 levels left

rFire   . . .      SeeInvis .    a - +0 war axe
rCold   . . .      Faith    .    c - +0 buckler
rNeg    . . .      Spirit   .    q - +0 plate armour
rPois   +          Reflect  .    (no helmet)
rElec   .          Rampage  .    (no cloak)
rCorr   .                        o - +0 pair of gloves
Will    .....                    t - +1 pair of boots Stlth
                                 (no amulet)
HPRegen 0.28/turn                h - ring of poison resistance
MPRegen 0.09/turn                (no ring)

@: no status effects
A: no striking features
a: no special abilities


You were on level 3 of the Dungeon.
You visited 1 branch of the dungeon, and saw 4 of its levels.

You collected 69 gold pieces.

Inventory:

Hand Weapons
 a - a +0 war axe (weapon)
Missiles
 e - 2 boomerangs (quivered)
Armour
 b - a +0 scale mail
 c - a +0 buckler (worn)
 o - a +0 pair of gloves (worn)
 q - a +0 plate armour (worn)
 t - a +1 pair of boots (worn)
Jewellery
 h - a ring of poison resistance (left hand)
Scrolls
 d - a scroll of identify {unknown}
 f - a scroll of fear {unknown}
 i - 2 scrolls of noise {unknown}
 l - a scroll of enchant weapon {unknown}
 m - 2 scrolls of teleportation {unknown}
 p - a scroll of immolation {unknown}
 s - a scroll of amnesia {unknown}
Potions
 g - a potion of heal wounds {unknown}
 j - a potion of flight {unknown}
 k - a potion of lignification {unknown}
 n - a potion of resistance {unknown}
 r - 2 potions of brilliance {unknown}


   Skills:
 * Level 5.1 Fighting
 * Level 5.9 Axes
 + Level 4.1 Armour
 - Level 3.2 Shields


You had 4 spell levels left.
You didn't know any spells.
Your spell library contained the following spells:

 Spells                   Type           Power      Damage    Failure   Level
 Sublimation of Blood     Necr           0%         N/A       100%        2
 Petrify                  Tmut/Erth      0%         N/A       100%        4
 Irradiate                Conj/Tmut      0%         3d11      100%        5


Dungeon Overview and Level Annotations

Branches:
Dungeon (4/15)             Temple (0/1) D:4

Altars:
Ashenzari

Annotations:
D:3 Crazy Yiuf
D:4 Dowan, Duvessa, Robin


Message History

No target in view!
No target in view!
No target in view!
No target in view!
No target in view!
No target in view!
You open the door.
There is an open door here.
There is a stone staircase leading up here.
There is an open door here.
There is an open door here.
You see here a +0 ring mail.
There is a stone staircase leading down here.
Crazy Yiuf shouts!
You open the door. You slash Crazy Yiuf!
Crazy Yiuf is severely wounded.
Crazy Yiuf grits, "Defame!"
Crazy Yiuf hits you with a +4 quarterstaff of chaos!
Crazy Yiuf draws strength from your wounds!
Crazy Yiuf hits you with a +4 quarterstaff of chaos!
Crazy Yiuf burns you.
You are too injured to fight recklessly!
You barely miss Crazy Yiuf.
Crazy Yiuf is heavily wounded.
Crazy Yiuf cries, "Gum rumpyflump dark!"
Crazy Yiuf hits you with a +4 quarterstaff of chaos.
You resist with some effort.
You slash Crazy Yiuf!
Crazy Yiuf is almost dead.
Crazy Yiuf hits you with a +4 quarterstaff of chaos!
* * * LOW HITPOINT WARNING * * *
Crazy Yiuf freezes you.
* * * LOW HITPOINT WARNING * * *
You closely miss Crazy Yiuf.
Crazy Yiuf is almost dead.
Crazy Yiuf hits you with a +4 quarterstaff of chaos!
* * * LOW HITPOINT WARNING * * *
You are electrocuted!
You die...

..........# #.......##
..........############...##
........[...........>.....#
.........################.##
########## #..# #........#
♣♣♣♣♣###.# #.######## ###
♣♣♣.♣...##.# #.#
#...#♣..♣.......# #'###
#...g@♣♣♣♣......# ....#
#)..#♣♣ ♣♣..#.## ....# ###
♣♣#### ....# ....# ....#
####### ....# #..##.########
#.### #............#
..#########.#.#######.#


You could see Crazy Yiuf.

Vanquished Creatures
  A black bear (D:3)
  4 adders
  2 worms (D:2)
  2 dart slugs
  4 endoplasms
  A giant cockroach (D:1)
  11 goblins
  6 hobgoblins
  3 jackals (D:2)
  6 kobolds
  4 quokkas
  5 ball pythons
  6 bats
  5 frilled lizards
  2 rats
62 creatures vanquished.

Vanquished Creatures (others)
  A plant (D:2)
1 creature vanquished.

Grand Total: 63 creatures vanquished

Notes
Turn   | Place    | Note
-------+----------+-------------------------------------------
     0 | D:1      | gohu the Hill Orc Fighter began the quest for the Orb.
     0 | D:1      | Reached XP level 1. HP: 19/19 MP: 1/1
   264 | D:1      | Reached XP level 2. HP: 27/27 MP: 2/2
   951 | D:2      | Reached XP level 3. HP: 23/34 MP: 3/3
  1191 | D:2      | Reached XP level 4. HP: 40/41 MP: 4/4
  1278 | D:2      | You fall into a shaft and drop 2 floors!
  1358 | D:4      | Found a staircase to the Ecumenical Temple.
  1358 | D:4      | Noticed Dowan
  1358 | D:4      | Noticed Duvessa
  1393 | D:3      | Found a runed translucent door.
  1394 | D:3      | Noticed Crazy Yiuf
  1528 | D:4      | Noticed Robin
  1529 | D:4      | Noticed a black bear
  1542 | D:3      | Killed a black bear
  1543 | D:3      | Reached skill level 5 in Fighting
  1543 | D:3      | Reached skill level 5 in Axes
  1543 | D:3      | Reached XP level 5. HP: 30/48 MP: 5/5
  2041 | D:2      | Found a faded altar of an unknown god.
  2512 | D:3      | Found a broken altar of Ashenzari.
  2791 | D:3      | Mangled by Crazy Yiuf

Illustrated notes

Levels and vault maps discovered:
D:1:      mainiacjoe_arrival_reflecting_pool, layout_loops_corners,
          minmay_misc_feat_five
D:2:      layout_basic, dreamdust_ecumenical_altar_hidden_monk_grotto,
          minmay_unequal
D:3:      layout_basic, old_standard_altar, uniq_crazy_yiuf_cottage
D:4:      layout_loops_cross, temple_green, uniq_natasha, uniq_robin,
          uniq_sigmund, uniq_duvessa

Skill      XL: |  1  2  3  4 |
---------------+-------------+-----
Fighting       | 4 5 |  5.1
Axes           | 3 4 5 |  5.9
Armour         | 4 |  4.1
Shields        | |  3.2

Action                     |  1- 3 |  4- 6 || total
---------------------------+-------+-------++-------
  Melee: War axe           |    92 |    78 ||   170
    Use: Potion            |       |     1 ||     1
 Armour: Scale mail        |    46 |    39 ||    85
         Plate armour      |       |    10 ||    10
  Dodge: Dodged            |    44 |    35 ||    79
  Block: Buckler           |    15 |    23 ||    38

Table legend: (Time is in decaauts)
 A = Elapsed time spent in this place.
 B = Non-inter-level travel time spent in this place.
 C = Inter-level travel time spent in this place.
 D = Time resting spent in this place.
 E = Time spent auto-exploring this place.
 F = Levels seen in this place.
 G = Mean time per level.
                   A        B        C        D        E       F      G
               +--------+--------+--------+--------+--------+-----+--------+
         Total |   2850 |   2756 |     94 |     17 |   2191 |   4 |  712.5 |
       Dungeon |   2850 |   2756 |     94 |     17 |   2191 |   4 |  712.5 |
               +--------+--------+--------+--------+--------+-----+--------+

Top non-repeatable levels by time:
     D:3: 988 daAuts
     D:1: 921 daAuts
     D:2: 845 daAuts
     D:4: 94 daAuts
